 Dungeon Crawl Stone Soup version 0.30-a0-169-g06f667207d (webtiles) character file.

Game seed: 612838631042860369

98 qw the Chopper (level 4, -3/28 HPs)
             Began as a Gargoyle Fighter on Sept 29, 2022.
             Slain by an orc wizard
             ... wielding a +4 dagger of venom
              (4 damage)
             ... on level 2 of the Dungeon.
             The game lasted 00:00:53 (2244 turns).

qw the Chopper (Gargoyle Fighter)                   Turns: 2244, Time: 00:00:53

Health: -3/28      AC: 10    Str: 20    XL:     4   Next: 71%
Magic:  4/4        EV:  9    Int: 12    God:
Gold:   145        SH:  4    Dex:  9    Spells: 3/3 levels left

rFire   + . .      SeeInvis .    Y - +0 war axe
rCold   . . .      Faith    .    c - +0 buckler
rNeg    + . .      Spirit   .    b - +0 scale mail
rPois   inf        Reflect  .    h - +0 helmet
rElec   +          Harm     .    (no cloak)
rCorr   .          Rampage  .    (no gloves)
Will    .....                    k - -2 pair of boots "Ywuot" {rF+ Str-2 Int+4}
Stlth   ..........               (no amulet)
HPRegen 0.09/turn                (no ring)
MPRegen 0.09/turn                (no ring)

@: no status effects
A: sickness immunity, AC +3, negative energy resistance 1, electricity
resistance, torment resistance 1, petrification resistance
a: no special abilities


You were on level 2 of the Dungeon.
You visited 1 branch of the dungeon, and saw 3 of its levels.

You collected 145 gold pieces.


Innate Abilities, Weirdness & Mutations

You are immune to sickness and miasma.
Your stone body is resilient. (AC +3)
You are immune to poison.
You resist negative energy. (rN+)
You are resistant to electric shocks. (rElec)
You are resistant to unholy torment.
You are immune to petrification.


   Skills:
 - Level 3.2 Fighting
 + Level 4.3 Axes
 - Level 3.2 Armour
 - Level 3.2 Shields


You had 3 spell levels left.
You didn't know any spells.
Your spell library was empty.

Inventory:

Hand Weapons
 l - a +2 mace of holy wrath
 Y - a +0 war axe (weapon)
Armour
 b - a +0 scale mail (worn)
 c - a +0 buckler (worn)
 h - a +0 helmet (worn)
 k - the -2 pair of boots "Ywuot" (worn) {rF+ Str-2 Int+4}
   (You acquired it on level 2 of the Dungeon)

   Str:       It affects your strength (-2).
   Int:       It affects your intelligence (+4).
   rF:        It protects you from fire.
Jewellery
 a - a ring of resist corrosion
Scrolls
 e - 4 scrolls of teleportation
Potions
 d - a potion of might
 f - 2 potions of curing {unknown}
 i - a potion of haste {unknown}
 j - a potion of ambrosia {unknown}

Dungeon Overview and Level Annotations

Branches:
Dungeon (3/15)

Altars:

Shops:
D:1 :


Message History

Something hits you.
2225 ||| FLEEEEING.
Something hits you.
2226 ||| FLEEEEING.
Something hits you but does no damage.
2227 ||| FLEEEEING.
2228 ||| FLEEEEING.
2229 ||| FLEEEEING.
There is a stone staircase leading up here.
2230 ||| STAIRDANCE Something hits you.
You climb upwards.
Reactivating autopickup.
There is a stone staircase leading down here.
There is a strange disturbance nearby!
You block something's attack.
Deactivating autopickup; reactivate with Ctrl-A.
You closely miss something.
Something hits you but does no damage. x2
You barely miss something. Something hits you.
You miss something. Something hits you but does no damage.
You barely miss something. Something hits you.
Something hits you but does no damage.
You miss something. Something hits you but does no damage.
You miss something. Something hits you but does no damage.
You miss something. Something hits you.
You miss something. Something hits you but does no damage. Something hits you.
You closely miss something. Something hits you but does no damage.
You hit something. Something completely misses you.
You closely miss something. Something hits you but does no damage.
Something hits you.
You miss something. Something hits you.
You die...

..........#...#.......###........
#####.....#...#.......#.........#
..........###.#########.........#
###..#.....##.# #.........#
#.##.....##.##### #.........#
##.##............#####.........#
#.....................####.#....
#.....##........{........#......
#.....##.......@......##.#......
#.....##............####.#......
###.##.######'####.######.#######
....##...........................
....#########..........##.####..<
............#..........##.####...
......####...................#...
.##.#.####..##.........##.##.#...
.#..................#...#....'...


There were no monsters in sight!

Vanquished Creatures
  An orc priest (D:3)
  2 adders (D:2)
  2 dart slugs (D:2)
  2 orcs (D:3)
  5 bats
  4 endoplasms
  4 giant cockroaches
  5 hobgoblins
  A quokka (D:1)
  3 ball pythons (D:2)
  A frilled lizard (D:2)
  6 goblins
  4 kobolds
  2 rats
42 creatures vanquished.

Notes
Turn   | Place    | Note
-------+----------+-------------------------------------------
     0 | D:1      | qw the Gargoyle Fighter began the quest for the Orb.
     0 | D:1      | Reached XP level 1. HP: 14/14 MP: 1/1
     0 | D:1      | 0 ||| qw: Version: 0.2-a-12-gaebbb33
     0 | D:1      | 0 ||| qw: Game counter: 1329
     0 | D:1      | 0 ||| qw: Always use a shield: true
     0 | D:1      | 0 ||| qw: God list: Okawaru
     0 | D:1      | 0 ||| qw: Allow faded altars: false
     0 | D:1      | 0 ||| qw: Do Orc after D:15 true
     0 | D:1      | 0 ||| qw: Do second Lair branch before Depths: true
     0 | D:1      | 0 ||| qw: Lair rune preference: random
     0 | D:1      | 0 ||| qw: Plans: Normal, Zot:1-4, God:TSO, Crypt, Tomb,
                  | Pan, Slime:5, Hells, Abyss, Orb
     0 | D:1      | 0 ||| PLANNING D:1-11
    27 | D:1      | Reached skill level 2 in Axes
   264 | D:1      | Found a faded altar of an unknown god.
   285 | D:1      | Reached XP level 2. HP: 19/19 MP: 2/2
   327 | D:1      | Found Nyta's Vocational Training.
   567 | D:1      | 567 ||| READING scroll labelled FUG CIATHURPHIOKUA.
   568 | D:1      | 568 ||| READING scroll labelled MOPPEA KYZAWIU.
   569 | D:1      | 569 ||| READING scroll labelled YGUD MINKUUFA.
   581 | D:2      | 581 ||| Stepping ~*~*~tactically~*~*~ (hiding).
   609 | D:2      | 609 ||| Stepping ~*~*~tactically~*~*~ (stealth).
   717 | D:2      | Reached skill level 3 in Axes
   721 | D:2      | Reached XP level 3. HP: 22/23 MP: 3/3
   751 | D:2      | 751 ||| Stepping ~*~*~tactically~*~*~ (stealth).
   855 | D:2      | 855 ||| Stepping ~*~*~tactically~*~*~ (hiding).
  1776 | D:2      | 1776 ||| UPGRADING to +0 helmet.
  1781 | D:2      | 1781 ||| READING 2 scrolls labelled JILEFO VYSEOL.
  1782 | D:2      | 1782 ||| READING 5 scrolls labelled BUHUANAB RAONO.
  1787 | D:2      | 1787 ||| READING scroll labelled GOWE MOAFO.
  1788 | D:2      | 1788 ||| READING scroll labelled KUUD ICUNWO.
  1789 | D:2      | 1789 ||| READING scroll labelled OTAS DUMIA.
  1789 | D:2      | Identified a scroll of acquirement
  1789 | D:2      | 1789 ||| ACQUIRING -2 pair of boots "Ywuot" {rF+ Str-2
                  | Int+4}
  1789 | D:2      | Acquired the -2 pair of boots "Ywuot" {rF+ Str-2 Int+4}
  1791 | D:2      | 1791 ||| UPGRADING to -2 pair of boots "Ywuot" {rF+ Str-2
                  | Int+4}.
  1796 | D:2      | 1796 ||| DROPPING scroll of magic mapping.
  1865 | D:3      | Reached XP level 4. HP: 23/28 MP: 4/4
  1951 | D:3      | 1951 ||| DROPPING +0 club.
  2058 | D:3      | 2058 ||| Stepping ~*~*~tactically~*~*~ (stealth).
  2166 | D:3      | Reached skill level 4 in Axes
  2166 | D:3      | 2166 ||| FLEEEEING.
  2167 | D:3      | 2167 ||| FLEEEEING.
  2168 | D:3      | 2168 ||| FLEEEEING.
  2170 | D:3      | 2170 ||| FLEEEEING.
  2171 | D:3      | 2171 ||| FLEEEEING.
  2172 | D:3      | 2172 ||| FLEEEEING.
  2173 | D:3      | 2173 ||| FLEEEEING.
  2174 | D:3      | 2174 ||| FLEEEEING.
  2175 | D:3      | 2175 ||| FLEEEEING.
  2176 | D:3      | 2176 ||| FLEEEEING.
  2177 | D:3      | 2177 ||| FLEEEEING.
  2178 | D:3      | 2178 ||| FLEEEEING.
  2179 | D:3      | 2179 ||| FLEEEEING.
  2180 | D:3      | 2180 ||| FLEEEEING.
  2181 | D:3      | 2181 ||| FLEEEEING.
  2182 | D:3      | 2182 ||| FLEEEEING.
  2183 | D:3      | 2183 ||| FLEEEEING.
  2184 | D:3      | 2184 ||| FLEEEEING.
  2185 | D:3      | 2185 ||| FLEEEEING.
  2186 | D:3      | 2186 ||| FLEEEEING.
  2187 | D:3      | 2187 ||| FLEEEEING.
  2188 | D:3      | 2188 ||| FLEEEEING.
  2189 | D:3      | 2189 ||| FLEEEEING.
  2190 | D:3      | 2190 ||| FLEEEEING.
  2191 | D:3      | 2191 ||| FLEEEEING.
  2192 | D:3      | 2192 ||| FLEEEEING.
  2193 | D:3      | 2193 ||| FLEEEEING.
  2194 | D:3      | 2194 ||| FLEEEEING.
  2195 | D:3      | 2195 ||| FLEEEEING.
  2196 | D:3      | 2196 ||| FLEEEEING.
  2197 | D:3      | 2197 ||| FLEEEEING.
  2198 | D:3      | 2198 ||| FLEEEEING.
  2199 | D:3      | 2199 ||| FLEEEEING.
  2200 | D:3      | 2200 ||| FLEEEEING.
  2201 | D:3      | 2201 ||| FLEEEEING.
  2202 | D:3      | 2202 ||| FLEEEEING.
  2203 | D:3      | 2203 ||| FLEEEEING.
  2204 | D:3      | 2204 ||| FLEEEEING.
  2205 | D:3      | 2205 ||| FLEEEEING.
  2206 | D:3      | 2206 ||| FLEEEEING.
  2207 | D:3      | 2207 ||| FLEEEEING.
  2208 | D:3      | 2208 ||| FLEEEEING.
  2209 | D:3      | 2209 ||| FLEEEEING.
  2211 | D:3      | 2211 ||| Stepping ~*~*~tactically~*~*~ (hiding).
  2225 | D:3      | 2225 ||| FLEEEEING.
  2226 | D:3      | 2226 ||| FLEEEEING.
  2227 | D:3      | 2227 ||| FLEEEEING.
  2228 | D:3      | 2228 ||| FLEEEEING.
  2229 | D:3      | 2229 ||| FLEEEEING.
  2230 | D:3      | 2230 ||| STAIRDANCE
  2240 | D:2      | HP: 5/28 [something (5)]
  2243 | D:2      | HP: 1/28 [something (4)]
  2244 | D:2      | Slain by an orc wizard

Levels and vault maps discovered:
D:1:      mainiacjoe_arrival_reflecting_pool, layout_rooms,
          basic_ecumenical_altar, minmay_splitting_lines, hangedman_decor_push,
          nicolae_shop_vocational
D:2:      layout_basic, minmay_octomino_c4
D:3:      layout_loops_cross

Skill      XL: |  1  2  3  4 |
---------------+-------------+-----
Axes           | 2 3 4 |  4.3
Fighting       | |  3.2
Armour         | |  3.2
Shields        | |  3.2

Action                   |  1- 3 |  4- 6 || total
-------------------------+-------+-------++-------
Melee: War axe           |   100 |    38 ||   138
  Use: Scroll            |     8 |       ||     8
Armor: Scale mail        |    41 |    33 ||    74
Dodge: Dodged            |    50 |    13 ||    63
Block: Buckler           |    17 |     4 ||    21

Table legend:
 A = Non-vault XP
 B = Vault XP
 C = Vault XP percentage of total XP
 D = Non-vault monster count
 E = Vault monster count
 F = Vault count percentage of total count
                 A         B        C        D         E       F
            +---------+---------+-------+---------+---------+-------
      Total |     116 |      25 |  17.7 |      35 |       7 |  16.7
            +---------+---------+-------+---------+---------+-------
        D:1 |      18 |       0 |   0.0 |      10 |       0 |   0.0
        D:2 |      37 |      25 |  40.3 |      15 |       7 |  31.8
        D:3 |      61 |       0 |   0.0 |      10 |       0 |   0.0
            +---------+---------+-------+---------+---------+-------
